 Dungeon Crawl Stone Soup version 0.27-a0-1308-gc08437e49b (webtiles) character file.

Game seed: 6238922927759034933

102 mordus the Slasher (level 5, -5/41 HPs)
             Began as a Formicid Abyssal Knight on June 18, 2021.
             Was a Follower of Lugonu.
             Slain by a gnoll (11 damage)
             ... on level 2 of the Dungeon.
             The game lasted 00:04:18 (2577 turns).

mordus the Slasher (Formicid Abyssal Knight)        Turns: 2577, Time: 00:04:19

Health: -5/41      AC:  9    Str: 17    XL:     5   Next: 5%
Magic:  7/7        EV:  7    Int: 12    God:    Lugonu [*.....]
Gold:   70         SH:  0    Dex: 10    Spells: 4/4 levels left

rFire    . . .     SeeInvis +   a - +1 falchion
rCold    . . .     Faith    .   (no shield)
rNeg     . . .     Spirit   .   d - +0 chain mail
rPois    .         Reflect  .   (helmet unavailable)
rElec    .         Harm     .   (no cloak)
rCorr    .         Rampage  .   (no gloves)
Will     .....                  (no boots)
Stlth    ..........             (no amulet)
HPRegen  0.13/turn              (no ring)
MPRegen  0.10/turn              (no ring)

@: no status effects
A: permanent stasis, dig shafts and tunnels, antennae 3, four strong arms
a: Dig, Shaft Self, Renounce Religion, Depart the Abyss


You were on level 2 of the Dungeon.
You worshipped Lugonu.
Lugonu was aware of your devotion.
You visited 1 branch of the dungeon, and saw 2 of its levels.
You visited the Abyss 1 time.

You collected 70 gold pieces.

Inventory:

Hand Weapons
 a - a +1 falchion (weapon)
Armour
 b - a +0 leather armour
 d - a +0 chain mail (worn)
Jewellery
 h - a ring of flight
Scrolls
 e - a scroll of teleportation {unknown}
 g - 2 scrolls of identify {unknown}
 i - a scroll of enchant armour {unknown}
Potions
 c - a potion of heal wounds {unknown}
 f - a potion of mutation {unknown}
 j - a potion of curing {unknown}


   Skills:
 - Level 3.2 Fighting
 * Level 3.6 Long Blades
 + Level 3.2 Armour
 - Level 0.8 Dodging
 + Level 3.3 Invocations


You had 4 spell levels left.
You didn't know any spells.
Your spell library was empty.

Dungeon Overview and Level Annotations

Branches:
Dungeon (2/15)

Altars:

Annotations:
D:2 Sigmund


Innate Abilities, Weirdness & Mutations

You cannot be hasted, slowed, berserked, paralysed or teleported.
You can dig through walls and to a lower floor.
You have a pair of large antennae on your head. (SInv)
Your four strong arms can wield two-handed weapons with a shield.


Message History

The gnoll hits you but does no damage. The gnoll closely misses you.
You hit the gnoll.
You kill the gnoll!
Lugonu accepts your kill.
The gnoll hits you from afar with a +0 halberd.
You have reached level 5!
There is an open door here.
You see here a +0 dagger.
The gnoll hits you but does no damage.
You hit the gnoll.
The gnoll is lightly wounded.
The gnoll hits you with a +0 halberd.
Your chain mail prevents you from hitting the gnoll.
The gnoll is lightly wounded.
The gnoll hits you with a +0 halberd. x2
* * * LOW HITPOINT WARNING * * *
You closely miss the gnoll.
The gnoll is lightly wounded.
The gnoll barely misses you.
You barely miss the gnoll.
The gnoll is lightly wounded.
The gnoll completely misses you.
You hit the gnoll.
The gnoll is heavily wounded.
The gnoll hits you but does no damage.
You barely miss the gnoll.
The gnoll is heavily wounded.
The gnoll hits you with a +0 halberd.
* * * LOW HITPOINT WARNING * * *
You barely miss the gnoll.
The gnoll is heavily wounded.
The gnoll barely misses you.
You closely miss the gnoll.
The gnoll is heavily wounded.
The gnoll hits you with a +0 halberd.
* * * LOW HITPOINT WARNING * * *
You barely miss the gnoll.
The gnoll is heavily wounded.
The gnoll hits you with a +0 halberd!
You die...

# #.#............... #.#
#.#. ##
#.#............... #.#
#.#. .#
#.#...############ #.#
#.#. .#
#.#.....)...#######.#{#.#
#.#.
.###.#...#####.#.......#
#.# #.#. ..##.#####
#.#(####### #.# #.#†
#.##.# #####..<.......
#.# #.#.
#..#.#####...###########
#.###.#.
......)........g@....#
#.#.....
##.#.#####...#######.#
#.###### #.#.# #...#
####.# #....... #.#.#
#...# #....## ########
#.#.# #...# ##.##..## #
#.#.# ##### #.....(.# #
#...# #..♣♣♣).# # ##..#
#.♣# #♣.# # #..# #.♣ ♣.#
#


You could see a gnoll.

Vanquished Creatures
  Jessica (D:2)
  3 gnolls (D:2)
  2 adders (D:2)
  A worm (D:2)
  3 endoplasms
  A giant cockroach (D:2)
  2 hobgoblins
  A quokka (D:1)
  2 ball pythons (D:1)
  A frilled lizard (D:1)
  5 goblins
  4 kobolds
  6 rats
32 creatures vanquished.

Notes
Turn   | Place    | Note
-------+----------+-------------------------------------------
     0 | Abyss:1  | mordus the Formicid Abyssal Knight began the quest for the
                  | Orb.
     0 | Abyss:1  | Reached XP level 1. HP: 18/18 MP: 2/2
     8 | D:1      | Escaped the Abyss
   294 | D:1      | Reached XP level 2. HP: 11/24 MP: 3/3
   666 | D:1      | Found a faded altar of an unknown god.
  1151 | D:2      | Reached XP level 3. HP: 21/29 MP: 4/4
  1296 | D:2      | Noticed Jessica
  1313 | D:2      | Killed Jessica
  1314 | D:2      | Reached XP level 4. HP: 21/35 MP: 6/6
  1504 | D:2      | Noticed Sigmund
  2527 | D:2      | Reached XP level 5. HP: 17/41 MP: 7/7
  2577 | D:2      | Slain by a gnoll

Illustrated notes

Levels and vault maps discovered:
D:1:      lightli_arrival_flooded_house, layout_loops_cross,
          hellmonk_ecumenical_altar_blasted, hangedman_abyss_or_decor_stabs
D:2:      layout_basic, minmay_stone_trees_small, uniq_jessica, uniq_sigmund

Skill      XL: |  1  2  3  4 |
---------------+-------------+-----
Long Blades    | 3 |  3.6
Invocations    | 3 |  3.3
Armour         | 3 |  3.2
Fighting       | |  3.2
Dodging        | |  0.8

Action                   |  1- 3 |  4- 6 || total
-------------------------+-------+-------++-------
Melee: Falchion          |    63 |    47 ||   110
Armor: Leather armour    |     6 |       ||     6
       Chain mail        |    15 |    22 ||    37
Dodge: Dodged            |    19 |    20 ||    39
       Rpst.: Falchion   |     9 |     3 ||    12

Table legend: (Time is in decaauts)
 A = Elapsed time spent in this place.
 B = Non-inter-level travel time spent in this place.
 C = Inter-level travel time spent in this place.
 D = Time resting spent in this place.
 E = Time spent auto-exploring this place.
 F = Levels seen in this place.
 G = Mean time per level.
                   A        B        C        D        E       F      G
               +--------+--------+--------+--------+--------+-----+--------+
         Total |   2596 |   2594 |      2 |    689 |   1375 |   3 |  865.3 |
       Dungeon |   2588 |   2586 |      2 |    689 |   1372 |   2 | 1294.0 |
         Abyss |      8 |      8 |      0 |      0 |      3 |   1 |    8.0 |
               +--------+--------+--------+--------+--------+-----+--------+

Top non-repeatable levels by time:
     D:2: 1374 daAuts
     D:1: 1213 daAuts
 Abyss:1: 8 daAuts
